 Dungeon Crawl Stone Soup version 0.29-a0-1008-g949cc1d0fb (webtiles) character file.

Game seed: 3807493298949372082

1023 Bl4cKSa5uke the Stinger (level 8, -1/54 HPs)
             Began as a Demonspawn Transmuter on Aug 7, 2022.
             Was an Initiate of Ru.
             Slain by a kobold brigand
             ... wielding a +1 dagger of speed
              (4 damage)
             ... on level 5 of the Dungeon.
             The game lasted 00:16:20 (8287 turns).

Bl4cKSa5uke the Stinger (Demonspawn Transmuter)     Turns: 8287, Time: 00:16:21

Health: -1/54      AC:  8    Str: 10    XL:     8   Next: 2%
Magic:  3/12       EV: 12    Int: 17    God:    Ru [......]
Gold:   170        SH:  4    Dex: 20    Spells: 7/13 levels left

rFire   . . .      SeeInvis .   b - +0 rapier (flame)
rCold   + . .      Faith    .   (no shield)
rNeg    . . .      Spirit   .   i - +1 robe
rPois   .          Reflect  .   (no helmet)
rElec   .          Harm     .   (no cloak)
rCorr   .          Rampage  .   (no gloves)
Will    .....                   (no boots)
Stlth   ..........              (no amulet)
HPRegen 0.18/turn               q - +6 ring of dexterity
MPRegen 0.13/turn               C - ring of protection from cold {rC+, !d}

@: wereblooded, very slightly contaminated, slowed, very slow
A: icemail 1, powered by pain 1, no stealth, sharp scales 1, condensation shield
a: Renounce Religion


You were on level 5 of the Dungeon.
You worshipped Ru.
Ru was noncommittal.
You visited 1 branch of the dungeon, and saw 5 of its levels.

You collected 200 gold pieces.
You spent 30 gold pieces at shops.

Inventory:

Hand Weapons
 a - a +0 sling
   (You found it on level 1 of the Dungeon)
 b - a +0 rapier of flaming (weapon)
   (You found it on level 2 of the Dungeon)
 n - a +0 dagger of freezing
   (You took it off a kobold on level 2 of the Dungeon)
 p - a +0 dagger
   (You found it on level 1 of the Dungeon)
Missiles
 g - 2 boomerangs
 l - 5 curare-tipped darts (quivered)
 s - 14 stones
 u - 15 poisoned darts
Armour
 i - a +1 robe (worn)
Jewellery
 c - a ring of ice {rC+, rF-}
   (You found it on level 5 of the Dungeon)
 k - a ring of magical power {MP+9}
   (You found it on level 3 of the Dungeon)
 q - a +6 ring of dexterity (left hand)
   (You found it on level 3 of the Dungeon)
 C - a ring of protection from cold (right hand) {rC+, !d}
   (You found it on level 2 of the Dungeon)
Scrolls
 d - a scroll of enchant weapon {unknown}
 K - a scroll of immolation {!r}
 Y - 2 scrolls of teleportation {@r3}
Potions
 e - a potion of resistance {unknown}
 f - a potion of cancellation {unknown}
 h - a potion of flight {unknown}
 J - 2 potions of curing {@q1}
 M - a potion of might
 N - 2 potions of heal wounds {@q2}
 P - 3 potions of lignification {!q}


   Skills:
 - Level 1.0 Fighting
 - Level 1.1 Ranged Weapons
 - Level 1.7 Dodging
 + Level 4.9 Unarmed Combat
 - Level 3.1 Spellcasting
 - Level 3.0 Transmutations
 * Level 6.8 Poison Magic


You had 7 spell levels left.
You knew the following spells:

 Your Spells              Type           Power      Damage    Failure   Level
a - Beastly Appendage     Tmut           24%        N/A       4%          1
b - Wereblood             Tmut           12%        N/A       8%          2
c - Spider Form           Tmut/Pois      19%        N/A       7%          3

Your spell library contained the following spells:

 Spells                   Type           Power      Damage    Failure   Level
 Static Discharge         Conj/Air       2%         3-4/arc   26%         2
 Sublimation of Blood     Necr           2%         N/A       26%         2
 Ozocubu's Armour         Ice            2%         N/A       45%         3
 Ice Form                 Ice/Tmut       7%         N/A       67%         4
 Petrify                  Tmut/Erth      7%         N/A       67%         4
 Dispel Undead            Necr           2%         3d7       86%         4
 Sticky Flame             Conj/Fire      2%         2d3       86%         4
 Irradiate                Conj/Tmut      3%         3d12      95%         5
 Lightning Bolt           Conj/Air       1%         1d12      99%         5
 Summon Forest            Summ/Tloc      1%         N/A       99%         5
 Summon Mana Viper        Hex/Summ       2%         N/A       99%         5
 Summon Cactus Giant      Summ           1%         N/A       100%        6
 Ozocubu's Refrigeration  Ice            1%         4d7       100%        7
 Maxwell's Capacitive Co  Air            1%         ∞         100%        8


Dungeon Overview and Level Annotations

Branches:
Dungeon (5/15)
 Temple: D:4-7

Altars:
Cheibriados
Ru
Yredelemnul

Shops:
D:2 *


Innate Abilities, Weirdness & Mutations

A meltable icy envelope protects you from harm. (AC +4)
You sometimes gain a little power by taking damage.
You cannot be stealthy.
You are partially covered in razor-sharp scales. (AC +1, Slay +1)
A meltable shield of frost defends you. (SH +4)


Message History

You take 2 damage, and have 30/48 hp.
You hit the kobold brigand.
You feel a bit better.
You kill the kobold brigand!
You feel sick. The kobold barely misses you.
You have reached level 8!
You feel agile.
Your demonic ancestry asserts itself...
Sharp scales grow over part of your body.
You regained 5 hp, and now have 35/54 hp.
You bite the kobold!
You feel a bit better.
You kill the kobold!
You feel sick. The kobold misses you.
You hit the kobold.
You feel sick. The kobold misses you. The kobold hits you with a +0 dagger.
You take 3 damage, and have 33/54 hp.
You hit the kobold but do no damage.
The kobold is poisoned.
Your transformation has ended.
Your +0 rapier of flaming unmelds from your body.
Your +1 robe unmelds from your body.
Your +0 rapier of flaming bursts into flame!
The kobold barely misses you. The kobold hits you but does no damage.
You barely miss the kobold.
You feel sick.
You are no longer poisoned.
The kobold barely misses you. x2
You take 2 damage, and have 31/54 hp.
You barely miss the kobold. The kobold hits you but does no damage.
The kobold misses you.
You puncture the kobold! You burn the kobold.
You feel a bit better.
You kill the kobold!
The kobold barely misses you.
You regained 2 hp, and now have 33/54 hp.
You puncture the kobold! You burn the kobold.
You feel a bit better.
You kill the kobold!
Your primal bloodlust is almost over.
You regained 3 hp, and now have 36/54 hp.
Items here: ( )) †.
A kobold brigand is nearby!
Here: a kobold brigand, wielding a +1 dagger of speed and quivering curare-tipped darts The floor.
Your blood is freshly infused with primal strength!
You now have 6/12 mp.
You turn into a venomous arachnid creature.
Your +0 rapier of flaming melds into your body.
Your +1 robe melds into your body.
Your +0 rapier of flaming stops flaming.
The kobold brigand throws a curare-tipped dart.
The curare-tipped dart hits you.
You are poisoned.
You have difficulty breathing.
You feel yourself slow down.
You take 7 damage, and have 29/54 hp.
You now have 3/12 mp.
You feel extremely sick.
The kobold brigand throws a curare-tipped dart.
The curare-tipped dart closely misses you.
You take 8 damage, and have 21/54 hp.
Your transformation is almost over.
You feel very sick.
You take 4 damage, and have 17/54 hp.
You feel very sick.
The kobold brigand hits you but does no damage.
The kobold brigand barely misses you.
The kobold brigand completely misses you.
You take 4 damage, and have 13/54 hp.
You hit the kobold brigand.
You feel sick.
The kobold brigand hits you but does no damage.
You block the kobold brigand's attack.
You take 2 damage, and have 11/54 hp.
You barely miss the kobold brigand.
You feel sick. The kobold brigand barely misses you.
The kobold brigand hits you with a +1 dagger of speed.
* * * LOW HITPOINT WARNING * * *
You take 7 damage, and have 4/54 hp.
You hit the kobold brigand.
The kobold brigand is poisoned.
* * * LOW HITPOINT WARNING * * *
You feel sick.
The kobold brigand hits you with a +1 dagger of speed.
* * * LOW HITPOINT WARNING * * *
The kobold brigand hits you but does no damage.
You take 2 damage, and have 2/54 hp.
You feel better. The kobold brigand misses you.
The kobold brigand hits you with a +1 dagger of speed.
* * * LOW HITPOINT WARNING * * *
You regained 8 hp, and now have 10/54 hp.
You closely miss the kobold brigand.
Your transformation has ended.
Your +0 rapier of flaming unmelds from your body.
Your +1 robe unmelds from your body.
Your +0 rapier of flaming bursts into flame!
The kobold brigand hits you with a +1 dagger of speed.
* * * LOW HITPOINT WARNING * * *
The kobold brigand completely misses you.
You take 2 damage, and have 8/54 hp.
You closely miss the kobold brigand. The kobold brigand barely misses you.
The kobold brigand misses you.
You miscast Wereblood.
You are very lightly contaminated with residual magic.
Nothing appears to happen.
The kobold brigand hits you with a +1 dagger of speed.
* * * LOW HITPOINT WARNING * * *
The kobold brigand hits you with a +1 dagger of speed.
You die...

#)).)........#.............#.....
##..)..........#...........#.....
.....).........##............<...
...........~~~~~.................
......#..~~~~~~~~....#######.)...
.....######~≈≈≈~~~~###.....###)..
.....#,,,,###≈######.........))).
....##,,,...###....)..#####......
....####*#.....K@..)###≈≈≈####...
....##.#####...######~~~≈~~~~....
...........#####...~~~~~~~~~..###
...............##......~~~....###
##......)....#......#...........)
............##...................
............###.............#.>..
............##................###
....##..........##.............#.


You could see a kobold brigand (poisoned).

Vanquished Creatures
  An orc warrior (D:4)
  A black bear (D:4)
  3 ogres (D:5)
  A kobold brigand (D:5)
  2 scorpions
  An orc priest (D:5)
  2 hounds
  A jelly (D:5)
  A gnoll bouda (D:5)
  An orc wizard (D:4)
  5 gnolls (D:5)
  5 adders
  A white imp (D:5)
  An ufetubus (D:4)
  4 worms
  3 dart slugs
  11 orcs
  8 bats
  3 endoplasms
  6 giant cockroaches
  6 goblins
  13 hobgoblins
  15 kobolds
  4 quokkas
  8 ball pythons
  2 frilled lizards
  8 rats
117 creatures vanquished.

Vanquished Creatures (others)
  94 plants (D:1)
94 creatures vanquished.

Grand Total: 211 creatures vanquished

Notes
Turn   | Place    | Note
-------+----------+-------------------------------------------
     0 | D:1      | Bl4cKSa5uke the Demonspawn Transmuter began the quest for
                  | the Orb.
     0 | D:1      | Reached XP level 1. HP: 15/15 MP: 3/3
    31 | D:2      | HP: 3/15 [bat (1)]
   414 | D:1      | Reached skill level 2 in Transmutations
   646 | D:1      | Gained mutation: A meltable shield of frost defends you.
                  | (SH +4) [demonic ancestry]
   646 | D:1      | Reached XP level 2. HP: 21/21 MP: 5/5
   718 | D:1      | Found a faded altar of an unknown god.
  1363 | D:1      | Gained mutation: You sometimes gain a little power by
                  | taking damage. [demonic ancestry]
  1363 | D:1      | Reached XP level 3. HP: 24/26 MP: 7/7
  1719 | D:1      | Learned a level 2 spell: Wereblood
  2832 | D:2      | Found Allowy's General Store.
  2840 | D:2      | Bought 5 curare-tipped darts for 30 gold pieces
  3298 | D:3      | Identified the +4 falchion of Fee Simple {vorpal, *Rage
                  | rPois rF+ rC+++}
  3358 | D:3      | Reached skill level 3 in Spellcasting
  3547 | D:3      | Reached XP level 4. HP: 24/32 MP: 6/8
  3700 | D:3      | Reached skill level 1 in Ranged Weapons
  3710 | D:3      | Reached skill level 3 in Transmutations
  3971 | D:3      | Learned a level 3 spell: Spider Form
  4207 | D:3      | Reached skill level 1 in Poison Magic
  5116 | D:4      | Found a sacrificial altar of Ru.
  5129 | D:4      | Reached skill level 2 in Poison Magic
  5261 | D:4      | Became a worshipper of Ru the Awakened
  5294 | D:4      | Gained mutation: A meltable icy envelope protects you from
                  | harm. (AC +4) [demonic ancestry]
  5294 | D:4      | Reached XP level 5. HP: 37/37 MP: 9/9
  5546 | D:4      | Found a snail-covered altar of Cheibriados.
  5998 | D:5      | Entered Level 5 of the Dungeon
  6015 | D:5      | Noticed an ogre
  6024 | D:5      | Killed an ogre
  6025 | D:5      | Reached skill level 3 in Unarmed Combat
  6025 | D:5      | Reached skill level 3 in Poison Magic
  6076 | D:5      | Noticed an ogre
  6089 | D:5      | Killed an ogre
  6090 | D:5      | Reached skill level 4 in Poison Magic
  6090 | D:5      | Reached XP level 6. HP: 43/43 MP: 10/10
  6137 | D:5      | HP: 8/43 [gnoll bouda/+0 club (7)]
  6600 | D:5      | Noticed an orc warrior
  6613 | D:4      | HP: 1/43 [orc warrior/+0 long sword (16)]
  6615 | D:4      | Killed an orc warrior
  6616 | D:4      | Reached skill level 4 in Unarmed Combat
  6616 | D:4      | Reached skill level 5 in Poison Magic
  6616 | D:4      | Reached XP level 7. HP: 1/48 MP: 11/11
  7300 | D:5      | Reached skill level 6 in Poison Magic
  7435 | D:5      | Gained mutation: You cannot be stealthy. [Ru sacrifice]
  7528 | D:5      | Found a basalt altar of Yredelemnul.
  7620 | D:5      | HP: 10/48 [hobgoblin/+0 club (7)]
  8268 | D:5      | Gained mutation: You are partially covered in razor-sharp
                  | scales. (AC +1, Slay +1) [demonic ancestry]
  8268 | D:5      | Reached XP level 8. HP: 35/54 MP: 7/12
  8280 | D:5      | HP: 13/54 [poisoned by a kobold brigand (curare-tipped
                  | dart)]
  8282 | D:5      | HP: 4/54 [kobold brigand/+1 dagger of speed (5)]
  8287 | D:5      | HP: 3/54 [kobold brigand/+1 dagger of speed (6)]
  8287 | D:5      | Slain by a kobold brigand

Illustrated notes

Levels and vault maps discovered:
D:1:      roderic_crop_circles_arrival_small, layout_rooms,
          hellmonk_ecumenical_altar_blasted
D:2:      layout_basic, serial_shops, nicolae_shop_advertising_works
          [nicolae_subvault_shop_adworks], minmay_misc_feat_rugged,
          minmay_statues_item
D:3:      layout_basic, chequers_serial_rivers_large_b,
          kennysheep_cross_bottleneck, kennysheep_pointless_box
D:4:      nicolae_cairo_tiling_large, layout_rooms,
          nicolae_ru_great_annihilating_truth, slow_altar_1
D:5:      cheibrodos_thug_alley, layout_cave_pools, lemuel_tele_altar

Skill      XL: |  1  2  3  4  5  6  7 |
---------------+----------------------+-----
Transmutations | 2 3 |  3.0
Spellcasting   | 3 |  3.1
Ranged Weapons | 1 |  1.1
Poison Magic   | 2 4 5 6 |  6.8
Unarmed Combat | 3 4 |  4.9
Fighting       | |  1.0
Dodging        | |  1.7

Action                   |  1- 3 |  4- 6 |  7- 9 || total
-------------------------+-------+-------+-------++-------
Melee: Dagger            |    89 |       |       ||    89
       Unarmed           |     3 |    40 |    70 ||   113
       Headbutt          |     5 |     6 |       ||    11
       Kick              |     8 |    14 |       ||    22
       Punch             |     2 |     1 |     2 ||     5
       Rapier            |    25 |    81 |    21 ||   127
 Fire: Sling             |    97 |    37 |       ||   134
Throw: Stone             |    18 |       |       ||    18
       Dart              |       |    12 |       ||    12
 Cast: Beastly Appendage |    15 |     9 |       ||    24
       Spider Form       |       |     5 |    10 ||    15
       Wereblood         |       |     2 |     3 ||     5
Invok: Sacrifice Stealth |       |       |     1 ||     1
  Use: Scroll            |       |     6 |     8 ||    14
       Potion            |       |     2 |     1 ||     3
 Stab: Paralysed         |       |     2 |       ||     2
       Sleeping          |       |     2 |       ||     2
Armor: Robe              |    32 |    21 |    11 ||    64
       Skin              |       |     4 |    18 ||    22
Dodge: Dodged            |    85 |   105 |    72 ||   262
Block: Other             |    16 |    20 |    14 ||    50

Table legend: (Time is in decaauts)
 A = Elapsed time spent in this place.
 B = Non-inter-level travel time spent in this place.
 C = Inter-level travel time spent in this place.
 D = Time resting spent in this place.
 E = Time spent auto-exploring this place.
 F = Levels seen in this place.
 G = Mean time per level.
                   A        B        C        D        E       F      G
               +--------+--------+--------+--------+--------+-----+--------+
         Total |   8412 |   8090 |    322 |   2640 |   4040 |   5 | 1682.4 |
       Dungeon |   8412 |   8090 |    322 |   2640 |   4040 |   5 | 1682.4 |
               +--------+--------+--------+--------+--------+-----+--------+

Top non-repeatable levels by time:
     D:2: 1962 daAuts
     D:4: 1929 daAuts
     D:3: 1742 daAuts
     D:1: 1472 daAuts
     D:5: 1304 daAuts

Table legend:
 A = Kills in this place as a percentage of kills in entire the game.
 B = Kills by you in this place as a percentage of kills by you in the entire game.
 C = Kills by friends in this place as a percentage of kills by friends in the entire game.
 D = Other kills in this place as a percentage of other kills in the entire game.
 E = Experience gained in this place as a percentage of experience gained in the entire game.
 F = Experience gained in this place divided by the number of levels of this place that you have seen.
                   A       B       C       D       E      F
               +-------+-------+-------+-------+-------+----------------------
         Total | 100.0 | 100.0 |   N/A |   N/A | 100.0 | 292.4
       Dungeon | 100.0 | 100.0 |   N/A |   N/A | 100.0 | 292.4
               +-------+-------+-------+-------+-------+----------------------
